 Dungeon Crawl Stone Soup version 0.30-a0-125-g51eefa89be (webtiles) character file.

Game seed: 8488387705966174036

106425 juncz the Gelid (level 15, -2/134 HPs)
             Began as a Pale Draconian Ice Elementalist on Sept 18, 2022.
             Was an Initiate of Gozag.
             Slain by a ghost moth (14 damage)
             ... on level 1 of the Spider Nest.
             The game lasted 02:41:24 (33352 turns).

juncz the Gelid (Pale Draconian Ice Elementalist)  Turns: 33352, Time: 02:41:24

Health: -2/134     AC: 16    Str:  9 (12) XL:     15   Next: 97%
Magic:  0/42       EV: 11    Int: 26 (29) God:    Gozag
Gold:   6411       SH:  7    Dex:  9      Spells: 15/42 levels left

rFire   + + .      SeeInvis .    O - +6 spear of War {flame, MP+9 Int+4}
rCold   + + .      Faith    .    W - +2 buckler
rNeg    . . .      Spirit   .    (body armour unavailable)
rPois   .          Reflect  .    j - +2 hat of Beogh's Respect {Int+4}
rElec   .          Harm     .    h - +0 cloak of Tomorrow {rF+ rC++ Regen+ Dex-3}
rCorr   .          Rampage  .    w - +1 pair of gloves
Will    +....                    H - +1 pair of boots
Stlth   ++........               p - amulet of regeneration
HPRegen 1.92/turn                b - ring of protection from fire
MPRegen 0.28/turn                f - ring of wizardry

@: gold aura
A: breathe steam, AC +9, unfitting armour, cold-blooded, steam resistance
a: Breathe Steam, Renounce Religion, Potion Petition, Call Merchant, Bribe
Branch


You were on level 1 of the Spider Nest.
You worshipped Gozag.
Gozag was greatly pleased with you.
You visited 5 branches of the dungeon, and saw 24 of its levels.
You also visited: Sewer and Volcano.

You collected 8697 gold pieces.
You spent 1117 gold pieces at shops.
You paid 1169 gold pieces to Gozag.

Inventory:

Hand Weapons
 O - the +6 spear of War (weapon) {flame, MP+9 Int+4}
   (You took it off an orc on level 8 of the Dungeon)

   It burns those it strikes, dealing additional fire damage.
   Int:       It affects your intelligence (+4).
   MP:        It affects your magic capacity (+9).
Missiles
 c - 124 stones (quivered)
Armour
 h - the +0 cloak of Tomorrow (worn) {rF+ rC++ Regen+ Dex-3}
   (You found it on level 2 of the Dungeon)

   Dex:       It affects your dexterity (-3).
   rF:        It protects you from fire.
   rC:        It greatly protects you from cold.
   Regen:     It increases your rate of health regeneration.
 j - the +2 hat of Beogh's Respect (worn) {Int+4}
   (You acquired it on level 4 of the Dungeon)

   Int:       It affects your intelligence (+4).
 w - a +1 pair of gloves (worn)
 C - a scarf of resistance
 H - a +1 pair of boots (worn)
 W - a +2 buckler (worn)
Magical Staves
 i - a staff of cold
Jewellery
 b - a ring of protection from fire (left hand)
 f - a ring of wizardry (right hand)
 g - a ring of wizardry
 k - a ring of poison resistance
 o - a +6 ring of intelligence
 p - an amulet of regeneration (around neck)
 q - a ring of positive energy
 x - a ring of ice
 y - a ring of protection from fire
 A - a ring of resist corrosion
 N - a ring of positive energy
 Q - a ring of willpower
 R - a +4 ring of protection
Wands
 t - a wand of mindburst (16)
 u - a wand of polymorph (11)
 v - a wand of digging (21)
 B - a wand of iceblast (5)
 I - a wand of flame (22)
Scrolls
 e - 4 scrolls of blinking
 n - 8 scrolls of teleportation
 r - a scroll of summoning
 s - 12 scrolls of fear
 J - a scroll of butterflies
 L - 4 scrolls of magic mapping
 P - a scroll of enchant weapon
 Z - 6 scrolls of identify
Potions
 a - 4 potions of magic
 d - a potion of cancellation
 l - 6 potions of flight
 m - 3 potions of brilliance
 z - 5 potions of heal wounds
 D - 4 potions of curing
 E - 2 potions of berserk rage
 F - 5 potions of haste
 K - a potion of might
 M - 4 potions of ambrosia
Miscellaneous
 T - a lightning rod (4/4)
 Y - a box of beasts


   Skills:
 + Level 12.7 Fighting
 - Level 1.8 Dodging
 - Level 1.8 Stealth
 + Level 5.9 Shields
 + Level 14.4 Spellcasting
 + Level 6.4 Conjurations
 + Level 3.9 Transmutations
 - Level 8.0 Fire Magic
 + Level 15.9 Ice Magic
 + Level 7.1 Poison Magic
 - Level 8.0 Evocations


You had 15 spell levels left.
You knew the following spells:

 Your Spells              Type           Power      Damage    Failure   Level
a - Freeze                Ice            100%       1d11      0%          1
b - Frozen Ramparts       Ice            100%       1d16      0%          3
c - Ozocubu's Armour      Ice            80%        N/A       0%          3
d - Blink                 Tloc           36%        N/A       2%          2
e - Poisonous Vapours     Pois/Air       74%        N/A       1%          2
f - Ignite Poison         Fire/Tmut/Pois 51%        N/A       1%          3
g - Sticky Flame          Conj/Fire      54%        2d7       1%          4
h - Olgreb's Toxic Radia  Pois           54%        N/A       1%          4
i - Irradiate             Conj/Tmut      22%        3d19      4%          5

Your spell library contained the following spells:

 Spells                   Type           Power      Damage    Failure   Level
 Magic Dart               Conj           100%       1d8       1%          1
 Necrotise                Necr           72%        1d7       1%          1
 Sting                    Tmut/Pois      100%       1d8       1%          1
 Cigotuvi's Dreadful Rot  Necr/Pois/Air  62%        N/A       1%          2
 Ensorcelled Hibernation  Hex/Ice        100%       N/A       1%          2
 Scorch                   Fire           100%       2d10      1%          2
 Mephitic Cloud           Conj/Pois/Air  42%        N/A       1%          3
 Spider Form              Tmut/Pois      47%        N/A       1%          3
 Flame Wave               Conj/Fire      54%        2d13      1%          4
 Hailstorm                Conj/Ice       67%        3d14      1%          4
 Call Imp                 Summ           18%        N/A       2%          2
 Iskenderun's Battlesphe  Conj           51%        2d10      2%          5
 Call Canine Familiar     Summ           18%        N/A       4%          3
 Gell's Gravitas          Tloc           18%        N/A       4%          3
 Lesser Beckoning         Tloc           18%        N/A       4%          3
 Portal Projectile        Hex/Tloc       36%        N/A       4%          3
 Swiftness                Air            18%        N/A       4%          3
 Teleport Other           Tloc           18%        N/A       4%          3
 Vampiric Draining        Necr           18%        2d7       4%          3
 Blade Hands              Tmut           19%        N/A       9%          5
 Arcjolt                  Conj/Air       17%        1d27      11%         5
 Anguish                  Hex/Necr       9%         N/A       16%         4
 Dispel Undead            Necr           18%        3d11      16%         4
 Leda's Liquefaction      Hex/Erth       9%         N/A       16%         4
 Manifold Assault         Tloc           18%        N/A       16%         4
 Agony                    Necr           18%        N/A       38%         5
 Silence                  Hex/Air        9%         N/A       38%         5
 Iron Shot                Conj/Erth      17%        9d4       50%         6
 Summon Cactus Giant      Summ           9%         N/A       89%         6
 Dragon Form              Tmut           19%        N/A       91%         7
 Spellforged Servitor     Conj/Summ      17%        N/A       96%         7
 Haunt                    Necr/Summ      9%         N/A       100%        7


Dungeon Overview and Level Annotations

Branches:
Dungeon (15/15)            Temple (1/1) D:5            Lair (5/5) D:10
  Swamp (0/4) Lair:2       Spider (1/4) Lair:2        Slime (0/5) Lair:4
    Orc (2/2) D:11            Elf (0/3) Orc:2        Vaults (0/5) D:13
 Depths (0/4) D:15          Sewer (visited)         Volcano (visited)

Altars:
Ashenzari
Cheibriados
Dithmenos
Elyvilon
Fedhas
Gozag
Hepliaklqana
Kikubaaqudgha
Makhleb
Nemelex Xobeh
Okawaru
Qazlal
Ru
Sif Muna
Trog
Uskayaw
Vehumet
Wu Jian
Xom
Yredelemnul
Zin
The Shining One
Jiyva

Shops:
D:12 [   D:14 [   D:15 [   Orc:2 :(=:   Lair:1 *

Annotations:
D:13 exclusion: obsidian statue, Nessos
D:14 3 runed translucent doors, Theoretic's ghost, adept DsGl


Innate Abilities, Weirdness & Mutations

You can breathe blasts of scalding, opaque steam.
Your pale cyan-grey scales are hard. (AC +9)
You cannot fit into any form of body armour.
You are cold-blooded and may be slowed by cold attacks.
You are immune to the effects of steam.


Message History

You feel your power leaking away. The ghost moth barely misses you.
The ghost moth hits you but does no damage.
The ghost moth stings you!
* * * LOW HITPOINT WARNING * * *
The jumping spider's many legs skitter faintly.
The heat melts your icy armour.
Okay, then.
Press: ? - help, v - describe, . - travel, g - get item
Here: a sun moth (almost dead, berserk, haloed) Item here: 7 gold pieces.
The floor.
You hit the sun moth. You burn the sun moth.
The sun moth is almost dead.
You are covered in liquid flames!
* * * LOW HITPOINT WARNING * * *
You hear a skittering sound.
The wall freezes the sun moth.
The sun moth bites you but does no damage.
The ghost moth resists.
The wall freezes the ghost moth.
The ghost moth hits you!
* * * LOW HITPOINT WARNING * * *
You feel dopey. You block the ghost moth's attack.
The ghost moth stings you but does no damage.
The wall freezes the sun moth.
You kill the sun moth!
The wall freezes the jumping spider.
The jumping spider leaps!
The heat melts your icy armour.
Your icy armour cracks and falls away as you move.
The frozen ramparts melt away as you move.
Something hits you but does no damage.
Deactivating autopickup; reactivate with Ctrl-A.
Something hits you but does no damage.
Something stings you but does no damage.
The jumping spider leaps!
You feel you are being watched by something.
Something hits you!
You die...
Your body crumbles into a pile of gold.

$ ..## ##...
$ #....#
...../ .....
#$.####
##....s###
#.○°$$$<.#
##..#.@..#
^^.y.#...##
##....#...#
...#..##...>
....###
....#. ..#
.#..# .. ..
..#.## # #.
##


You could see a jumping spider.

Vanquished Creatures
  An orc warlord (Orc:2)
  Snorg (D:10)
  The ghost of Daxter95 the Basher, a journeyman DrBe of Trog (D:11)
  Erolcha (D:9)
  3 hydras
  An ice dragon (Lair:2)
  Erica (D:9)
  6 centaur warriors
  3 two-headed ogres
  4 boulder beetles
  Urug (D:13)
  6 orc high priests (Orc:2)
  A tengu warrior (D:15)
  Nergalle (Orc:1)
  8 skeletal warriors
  A sun moth (Spider:1)
  A necromancer (D:15)
  2 lindwurms (Volcano)
  3 wizards
  2 deep elf pyromancers
  A wolf spider zombie (D:15)
  24 ugly things
  2 orc knights
  4 orc sorcerers
  2 deep elf zephyrmancers
  3 manticores
  6 cyclopes
  A moth of wrath (Spider:1)
  3 centaur zombies (D:15)
  A naga mage (D:15)
  13 elephants
  9 black mambas
  Maggie (D:10)
  2 toenail golems (Volcano)
  9 cane toads
  2 molten gargoyles (Volcano)
  5 gargoyles
  A rime drake (Lair:5)
  An unseen horror (D:12)
  6 komodo dragons
  3 efreet
  A demonic crawler (Spider:1)
  6 trolls
  7 polar bears
  6 meliai
  7 hornets
  Prince Ribbit (D:9)
  A tarantella (Spider:1)
  A dream sheep (Lair:5)
  25 blink frogs
  A jumping spider (Lair:2)
  8 slime creatures
  Sigmund (D:3)
  15 spriggans
  A culicivora (shapeshifter) (D:15)
  3 wraiths
  5 fire elementals (Volcano)
  3 wyverns
  A shadow (D:11)
  A basilisk (Lair:4)
  12 humans (D:13)
  39 yaks
  5 redbacks
  A steam dragon (D:9)
  19 vampire mosquitoes
  14 wargs
  16 water moccasins
  Duvessa (D:5)
  21 orc warriors
  3 ice beasts
  A swamp drake (Orc:1)
  8 black bears
  A sky beast (D:6)
  Pargi (Sewer)
  6 ogres
  19 wolves
  3 boggarts (Lair:5)
  A phantom (D:4)
  8 centaurs
  4 kobold brigands
  10 bullfrogs
  2 earth elementals (Volcano)
  3 wights (D:8)
  Dowan (D:5)
  17 killer bees
  5 howler monkeys
  A crimson imp (Orc:1)
  3 hounds (D:6)
  3 jellies
  42 orc priests
  A gnoll bouda (Orc:1)
  An iron imp (Orc:1)
  5 iguanas
  25 orc wizards
  A boggart skeleton (D:15)
  8 gnolls
  9 adders
  3 shadow imps
  2 white imps
  2 worms (D:3)
  3 dart slugs
  90 orcs
  11 ball pythons
  7 endoplasms
  3 giant cockroaches
  4 goblins
  6 hobgoblins
  11 jackals
  19 kobolds
  3 quokkas
  7 bats
  4 frilled lizards
  8 rats
  A fire vortex (Volcano)
745 creatures vanquished.

Vanquished Creatures (collateral kills)
  A catoblepas (D:9)
  A hydra (Lair:3)
  A boulder beetle (D:9)
  A two-headed ogre (D:9)
  An ugly thing (D:9)
  A cyclops (D:9)
  3 elephants (Lair:3)
  A tarantella (shapeshifter) (D:9)
  A water moccasin (shapeshifter) (D:9)
  A bullfrog (D:9)
12 creatures vanquished.

Vanquished Creatures (others)
  2 fungi
  16 plants
18 creatures vanquished.

Grand Total: 775 creatures vanquished

Notes
Turn   | Place    | Note
-------+----------+-------------------------------------------
     0 | D:1      | juncz the Draconian Ice Elementalist began the quest for
                  | the Orb.
     0 | D:1      | Reached XP level 1. HP: 14/14 MP: 3/3
   307 | D:1      | Reached XP level 2. HP: 20/20 MP: 5/5
   971 | D:1      | Reached XP level 3. HP: 26/26 MP: 4/7
   975 | D:1      | Learned a level 3 spell: Frozen Ramparts
   979 | D:1      | Learned a level 3 spell: Ozocubu's Armour
  1780 | D:2      | Identified the +0 cloak of Tomorrow {rF+ rC++ Regen+ Dex-3}
  2704 | D:3      | Reached XP level 4. HP: 33/33 MP: 2/8
  2784 | D:3      | Found a glowing drain.
  2805 | Sewer    | Entered a sewer
  2966 | Sewer    | Noticed Pargi
  2971 | Sewer    | Killed Pargi
  2972 | Sewer    | Reached skill level 5 in Ice Magic
  2972 | Sewer    | Reached XP level 5. HP: 37/38 MP: 1/10
  3299 | D:3      | Noticed Sigmund
  3309 | D:3      | Killed Sigmund
  3310 | D:3      | Reached skill level 6 in Ice Magic
  3310 | D:3      | Reached XP level 6. HP: 32/45 MP: 5/12
  3853 | D:4      | Reached skill level 5 in Spellcasting
  3983 | D:4      | Your scales start taking on a pale cyan-grey colour.
  3983 | D:4      | Reached XP level 7. HP: 44/50 MP: 5/14
  3983 | D:4      | Gained mutation: You are immune to the effects of steam.
                  | [Pale Draconian growth]
  4580 | D:4      | Reached skill level 7 in Ice Magic
  4929 | D:5      | Entered Level 5 of the Dungeon
  4932 | D:5      | Identified a scroll of acquirement
  4941 | D:4      | Acquired the +2 hat of Beogh's Respect {Int+4}
  5108 | D:5      | Reached XP level 8. HP: 32/57 MP: 10/17
  5377 | D:5      | Found a staircase to the Ecumenical Temple.
  5396 | Temple   | Entered the Ecumenical Temple
  5515 | Temple   | Became a worshipper of Gozag Ym Sagoz the Greedy
  5587 | D:5      | Reached skill level 8 in Ice Magic
  6051 | D:5      | Noticed Dowan
  6058 | D:5      | Killed Dowan
  6071 | D:5      | Noticed Duvessa
  6080 | D:5      | Killed Duvessa
  6353 | D:6      | Reached skill level 9 in Ice Magic
  6569 | D:6      | Reached XP level 9. HP: 62/62 MP: 14/20
  7078 | D:6      | Found a sacrificial altar of Ru.
  7927 | D:7      | Reached skill level 10 in Ice Magic
  8322 | D:8      | Identified the +6 spear of War {flame, MP+9 Int+4}
  9191 | D:8      | Reached skill level 1 in Fighting
 10130 | D:9      | Noticed Erica
 10139 | D:9      | Killed Erica
 10314 | D:9      | Reached XP level 10. HP: 69/77 MP: 23/23
 10355 | D:9      | Noticed a boulder beetle
 10355 | D:9      | Noticed a white ugly thing
 10368 | D:9      | Noticed a catoblepas
 10372 | D:9      | Killed a white ugly thing
 10374 | D:9      | Killed a catoblepas
 10375 | D:9      | Reached skill level 11 in Ice Magic
 10380 | D:9      | Noticed a two-headed ogre
 10382 | D:9      | Reached skill level 5 in Fighting
 10384 | D:9      | Killed a boulder beetle
 10385 | D:9      | Reached skill level 10 in Spellcasting
 10388 | D:9      | Noticed a cyclops
 10390 | D:9      | Killed a cyclops
 10391 | D:9      | Killed a two-headed ogre
 10407 | D:9      | Noticed a cyclops
 10419 | D:9      | Killed a cyclops
 10424 | D:9      | Reached XP level 11. HP: 91/91 MP: 21/25
 10621 | D:9      | Noticed a boulder beetle
 10622 | D:9      | Noticed Erolcha
 10673 | D:9      | Killed a boulder beetle
 10674 | D:9      | Reached skill level 12 in Ice Magic
 10674 | D:9      | Reached skill level 1 in Evocations
 10730 | D:9      | Killed Erolcha
 11295 | D:9      | Noticed Prince Ribbit
 11300 | D:9      | Killed Prince Ribbit
 11669 | D:10     | Entered Level 10 of the Dungeon
 11897 | D:10     | Found a staircase to the Lair.
 11899 | D:10     | Noticed Maggie
 11914 | D:10     | Killed Maggie
 12281 | D:10     | Paralysed by a hornet for 1 turns
 12517 | D:10     | Noticed Snorg
 12528 | D:10     | Killed Snorg
 12664 | D:10     | Learned a level 2 spell: Blink
 12667 | D:10     | Learned a level 2 spell: Poisonous Vapours
 12671 | D:10     | Learned a level 3 spell: Ignite Poison
 12676 | D:10     | Learned a level 4 spell: Sticky Flame
 13137 | D:10     | Found an iron altar of Okawaru.
 13139 | D:10     | Found a sparkling altar of Nemelex Xobeh.
 13140 | D:10     | Found a basalt altar of Yredelemnul.
 13141 | D:10     | Found a radiant altar of Vehumet.
 13141 | D:10     | Found a stormy altar of Qazlal.
 13142 | D:10     | Found a white marble altar of Elyvilon.
 13146 | D:10     | Found a blossoming altar of Fedhas.
 13383 | D:11     | Found a staircase to the Orcish Mines.
 13403 | D:11     | Noticed a cyan ugly thing
 13411 | D:11     | Noticed a two-headed ogre
 13412 | D:11     | Killed a cyan ugly thing
 13413 | D:11     | Reached skill level 1 in Conjurations
 13413 | D:11     | Reached skill level 1 in Fire Magic
 13420 | D:11     | Killed a two-headed ogre
 13421 | D:11     | Reached skill level 5 in Evocations
 13563 | D:11     | Found a runed translucent door.
 13567 | D:11     | Identified the +10 spear "Yreeteut" {freeze, Fragile rC+
                  | Int+3 Stlth+}
 13571 | D:11     | Noticed Daxter95's ghost (journeyman DrBe)
 13701 | D:11     | Reached XP level 12. HP: 103/103 MP: 27/27
 14664 | D:11     | Killed Daxter95's ghost
 14853 | D:12     | Reached skill level 13 in Ice Magic
 15195 | D:12     | Identified the +0 leather armour of Altruism {rN++ Str+3}
 15217 | D:12     | Noticed a two-headed ogre
 15224 | D:12     | Killed a two-headed ogre
 15382 | D:12     | Found Doharil's Armour Boutique.
 16403 | D:13     | Noticed Urug
 16403 | D:13     | Noticed a two-headed ogre
 16403 | D:13     | Noticed Nessos
 16403 | D:13     | Noticed a four-headed hydra
 16403 | D:13     | Noticed a centaur warrior
 16403 | D:13     | Noticed an eight-headed hydra
 16403 | D:13     | Found a gate to the Vaults.
 16549 | D:13     | Acquired 612 gold pieces
 16551 | D:13     | Acquired the amulet of Tytout {RegenMP Int+7 Dex-5}
 16826 | D:13     | Reached skill level 5 in Fire Magic
 16826 | D:13     | Reached XP level 13. HP: 109/113 MP: 29/29
 16950 | D:13     | Reached skill level 10 in Fighting
 17127 | D:13     | Killed Urug
 17580 | D:13     | Reached skill level 5 in Conjurations
 18048 | Lair:1   | Entered Level 1 of the Lair of Beasts
 18112 | Lair:1   | Bought a +1 cloak of poison resistance for 162 gold pieces
 19256 | Lair:2   | Found a hole to the Spider Nest.
 19525 | Lair:2   | Reached skill level 14 in Ice Magic
 19845 | Lair:2   | You fall into a shaft and drop 2 floors!
 20025 | Lair:2   | Identified the +6 plate armour of a bazaar {Fly Int-5
                  | Slay+6}
 20311 | Lair:2   | Found a staircase to the Swamp.
 21263 | Lair:3   | Reached XP level 14. HP: 106/124 MP: 30/30
 22336 | Lair:4   | Identified the +7 quarterstaff "Yle Zyash" {drain, Fly rC++
                  | rCorr Dex-3}
 22433 | Lair:4   | Learned a level 4 spell: Olgreb's Toxic Radiance
 22621 | Lair:4   | Found a staircase to the Slime Pits.
 22622 | Lair:4   | Found a viscous altar of Jiyva.
 22673 | Lair:4   | Reached skill level 1 in Poison Magic
 23297 | Lair:5   | Entered Level 5 of the Lair of Beasts
 24203 | Lair:5   | Reached skill level 1 in Shields
 24516 | Lair:5   | Reached skill level 15 in Ice Magic
 25672 | Orc:1    | Entered Level 1 of the Orcish Mines
 25692 | Orc:1    | Noticed Nergalle
 25701 | Orc:1    | Killed Nergalle
 25748 | Orc:1    | Paralysed by an orc sorcerer for 2 turns
 25974 | Orc:1    | You fall into a shaft and drop 1 floor!
 25974 | Orc:2    | Entered Level 2 of the Orcish Mines
 25992 | Orc:2    | Found a dark tunnel.
 25999 | Volcano  | Entered a volcano
 26026 | Volcano  | Reached skill level 5 in Poison Magic
 27133 | Orc:2    | Reached XP level 15. HP: 88/132 MP: 22/32
 27480 | Orc:2    | Found Wuoserr's Book Shoppe.
 27485 | Orc:2    | Found Kobioter's Weapon Boutique.
 27726 | Orc:2    | Bought a book of Transfigurations for 480 gold pieces
 27770 | Orc:2    | Found Vois Ubi's Jewellery Shoppe.
 27770 | Orc:2    | Found Juihetui's Book Boutique.
 27871 | Orc:2    | Learned a level 5 spell: Irradiate
 28104 | Orc:2    | Found a staircase to the Elven Halls.
 28941 | Orc:1    | Reached skill level 1 in Transmutations
 29829 | D:14     | Found a runed translucent gate.
 29830 | D:14     | Found a runed translucent gate.
 29832 | D:14     | Noticed Theoretic's ghost (adept DsGl)
 29837 | D:14     | Found a runed translucent gate.
 30247 | D:14     | Identified the +2 ring mail of Gifiby {Str+4 Int+2}
 31010 | D:14     | Found Liuquse's Armour Emporium.
 31048 | D:14     | Reached skill level 5 in Shields
 31366 | D:15     | Entered Level 15 of the Dungeon
 32456 | D:15     | Found a staircase to the Depths.
 32892 | D:15     | Found Poniotso's Antique Armour Shop.
 32897 | D:15     | Got Noqaket's Quarto of the Stormy Undead
 32902 | D:15     | Bought a pair of gloves for 171 gold pieces
 32902 | D:15     | Bought a runed scarf for 304 gold pieces
 33272 | Spider:1 | Entered Level 1 of the Spider Nest
 33352 | Spider:1 | Slain by a ghost moth

Illustrated notes

Levels and vault maps discovered:
D:1:      dpeg_arrival_brainrot, layout_loops_ring, kennysheep_decorative_pillar
D:2:      layout_basic
D:3:      layout_loops_ring, portal_sewer_entry_a, uniq_sigmund
D:4:      cheibrodos_pilgrimage, layout_loops_ring, minmay_ruptured
D:5:      layout_basic, minmay_temple_entry_offerings, uniq_duvessa
D:6:      layout_cave_pools, nicolae_ru_the_path_less_chosen,
          hangedman_abyss_or_decor_stagger
D:7:      layout_rooms
D:8:      layout_layer_cave, nicolae_benzene_ring
D:9:      minmay_the_grid_triangle_9x9_recursive_2_mashed
          [minmay_the_grid_triangle_9x9_prize_schism,
          minmay_the_grid_triangle_9x9_dagger,
          minmay_the_grid_triangle_9x9_odd_lines,
          minmay_the_grid_triangle_9x9_alien], layout_rooms,
          hangedman_glass_teeth, uniq_prince_ribbit1, uniq_erolcha, uniq_erica
D:10:     kennysheep_spiral_hall, layout_loops_ring, minitemple,
          erik_lair_orcish_takeover, grunt_decor_cap,
          chequers_serial_rivers_micro_d, uniq_snorg, uniq_maggie
D:11:     layout_basic, orc_david_3, ebering_ghost_funeral_grove
D:12:     layout_loops_cross, serial_shops, shop, eino_jars
D:13:     layout_loops_cross, david_vaults_3, minmay_protected_statue
D:14:     layout_long_grid, maelrawn_ghost_gauntlet_escape, serial_shops,
          nicolae_square_shop
D:15:     grunt_enter_depths_magical_seal, layout_cave_pools,
          roderic_roman_lattice, serial_shops, shop, corexii_checkpoint_a,
          st_stairs_14
Temple:   nicolae_temple_superstar
Lair:1:   layout_chaotic_city
Lair:2:   dragon1_lemuel, layout_layer_cave, minmay_swamp_entry_reptiles,
          spider_nest_entry_a, serial_bayou_lagoon_a, minivault_23,
          serial_bayou_shore_a
Lair:3:   layout_cave_pods, hibernation_bobbens
Lair:4:   layout_cave_pods, slime_entry_1
Lair:5:   minmay_lair_end_enchanted_forest, layout_cave_shapes,
          grunt_megastairs_2
Spider:1: layout_spider_delve
Orc:1:    layout_caves, hangedman_minor_magic, uniq_nergalle
Orc:2:    st_orc_town, layout_caves, nicolae_volcano_entry_hallway

Skill      XL: |  1  2  3  4  5  6  7  8  9 10 11 12 13 14 15 |
---------------+----------------------------------------------+-----
Spellcasting   | 3 4 5 6 7 9 10 11 12 13 14 | 14.4
Ice Magic      | 5 6 7 9 10 11 12 13 14 15 | 15.9
Fighting       | 3 6 8 9 11 12 | 12.7
Evocations     | 5 6 8 |  8.0
Conjurations   | 1 4 5 6 |  6.4
Fire Magic     | 1 5 7 8 |  8.0
Poison Magic   | 5 7 |  7.1
Shields        | 3 5 |  5.9
Transmutations | 3 |  3.9
Dodging        | |  1.8
Stealth        | |  1.8

Action                   |  1- 3 |  4- 6 |  7- 9 | 10-12 | 13-15 || total
-------------------------+-------+-------+-------+-------+-------++-------
Melee: Demon whip        |    39 |    23 |    14 |       |       ||    76
       Tailslap          |     3 |     3 |     2 |    32 |    95 ||   135
       Punch             |     1 |       |       |     2 |     2 ||     5
       Spear             |       |       |    12 |   233 |   612 ||   857
Throw: Stone             |     1 |     1 |    20 |    20 |    47 ||    89
 Cast: Freeze            |    42 |    31 |    81 |    82 |   332 ||   568
       Frozen Ramparts   |     2 |     8 |    49 |    68 |   140 ||   267
       Ozocubu's Armour  |       |     3 |    29 |    43 |    97 ||   172
       Poisonous Vapours |       |       |       |    12 |     5 ||    17
       Ignite Poison     |       |       |       |     9 |    50 ||    59
       Sticky Flame      |       |       |       |     6 |     6 ||    12
       Olgreb's Toxic Ra |       |       |       |       |   105 ||   105
       Irradiate         |       |       |       |       |     6 ||     6
Invok: Potion Petition   |       |       |       |       |     1 ||     1
       Call Merchant     |       |       |       |       |     1 ||     1
 Abil: Breathe Steam     |       |       |       |     9 |     7 ||    16
Evoke: Wand              |       |       |    17 |     1 |       ||    18
       Lightning rod     |       |       |       |     2 |     2 ||     4
       Box of beasts     |       |       |       |     1 |     2 ||     3
  Use: Scroll            |     5 |       |    10 |    10 |     6 ||    31
       Potion            |       |       |       |     2 |     3 ||     5
 Stab: Sleeping          |     3 |     1 |     1 |     1 |       ||     6
       Petrified         |       |       |       |     1 |       ||     1
       Distracted        |       |       |       |       |     2 ||     2
Armor: Skin              |    17 |    19 |    55 |   182 |   563 ||   836
Dodge: Dodged            |    43 |    22 |    56 |   169 |   502 ||   792
Block: Buckler           |       |       |       |       |   136 ||   136

Table legend: (Time is in decaauts)
 A = Elapsed time spent in this place.
 B = Non-inter-level travel time spent in this place.
 C = Inter-level travel time spent in this place.
 D = Time resting spent in this place.
 E = Time spent auto-exploring this place.
 F = Levels seen in this place.
 G = Mean time per level.
                   A        B        C        D        E       F      G
               +--------+--------+--------+--------+--------+-----+--------+
         Total |  33519 |  32385 |   1134 |   9910 |  16516 |  26 | 1289.2 |
       Dungeon |  21777 |  21008 |    769 |   6867 |  10766 |  15 | 1451.8 |
        Temple |    138 |    123 |     15 |      0 |    100 |   1 |  138.0 |
          Lair |   7459 |   7140 |    319 |   1218 |   4466 |   5 | 1491.8 |
   Spider Nest |     81 |     81 |      0 |     38 |      0 |   1 |   81.0 |
  Orcish Mines |   2916 |   2887 |     29 |   1192 |   1099 |   2 | 1458.0 |
         Sewer |    307 |    307 |      0 |    155 |      4 |   1 |  307.0 |
       Volcano |    838 |    838 |      0 |    439 |     81 |   1 |  838.0 |
               +--------+--------+--------+--------+--------+-----+--------+

Top non-repeatable levels by time:
     D:8: 2159 daAuts
  Lair:5: 2075 daAuts
    D:14: 1960 daAuts
    D:11: 1834 daAuts
    D:15: 1777 daAuts
   Orc:2: 1765 daAuts
    D:12: 1758 daAuts
    D:10: 1640 daAuts
     D:9: 1559 daAuts
    D:13: 1543 daAuts
  Lair:2: 1477 daAuts
  Lair:4: 1398 daAuts
     D:2: 1355 daAuts
     D:1: 1305 daAuts
  Lair:3: 1294 daAuts
